 Dungeon Crawl Stone Soup version 0.26-a0-639-g72c4674329 (webtiles) character file.

Game seed: 16710978410383728670

263 Apogee the Chucker (level 5, -6/50 HPs)
             Began as a Troll Hunter on Sept 23, 2020.
             Killed from afar by Dowan (12 damage)
             ... with a shard of ice
             ... on level 4 of the Dungeon.
             The game lasted 00:02:56 (2652 turns).

Apogee the Chucker (Troll Hunter)                   Turns: 2652, Time: 00:02:57

Health: -6/50      AC:  6    Str: 20    XL:     5   Next: 98%
Magic:  4/4        EV: 10    Int:  8    God:
Gold:   382        SH:  0    Dex: 10    Spells: 4/4 levels left

rFire    . . .     SeeInvis .     - Unarmed
rCold    . . .     Faith    .   (no shield)
rNeg     . . .     Spirit   .   b - +0 robe
rPois    .         Reflect  .   (helmet restricted)
rElec    .         Harm     .   (no cloak)
rCorr    +         Rampage  .   (gloves unavailable)
MR       .....                  (boots unavailable)
Stlth    +.........             (no amulet)
HPRegen  0.56/turn              n - ring of resist corrosion
MPRegen  0.09/turn              (no ring)

@: no status effects
A: large, unfitting armour, claws 3, regeneration 1, shaggy fur 1, tough skin 3
a: no special abilities


You were on level 4 of the Dungeon.
You visited 1 branch of the dungeon, and saw 4 of its levels.

You collected 382 gold pieces.

Inventory:

Hand Weapons
 a - a +0 short sword
Missiles
 c - 5 large rocks (quivered)
 f - 252 stones
 q - 2 silver javelins
 y - 16 poisoned darts
 B - 3 throwing nets {!f}
Armour
 b - a +0 robe (worn)
Jewellery
 h - an uncursed amulet of guardian spirit {unknown}
   (You found it on level 1 of the Dungeon)
 n - a ring of resist corrosion (left claw)
   (You found it on level 1 of the Dungeon)
Wands
 d - a wand of iceblast (4)
   (You found it on level 4 of the Dungeon)
Scrolls
 i - 2 scrolls of remove curse {unknown}
 j - a scroll of fear {unknown}
 k - 6 scrolls of identify {unknown}
 l - 3 scrolls of teleportation {unknown}
 o - 3 scrolls of enchant weapon {unknown}
 v - a scroll of magic mapping {unknown}
 w - 2 scrolls of enchant armour {unknown}
 x - a scroll of amnesia {unknown}
Potions
 e - a potion of haste {unknown}
 g - a potion of degeneration {unknown}
 m - a potion of invisibility {unknown}
 p - 3 potions of flight {unknown}
 r - a potion of stabbing {unknown}
 s - 4 potions of curing {unknown}
 t - a potion of heal wounds {unknown}
 u - 2 potions of lignification {unknown}
 z - a potion of berserk rage {unknown}
 A - a potion of magic {unknown}
 C - a potion of ambrosia {unknown}


   Skills:
 + Level 2.6 Fighting
 + Level 4.3 Throwing
 + Level 2.6 Dodging
 - Level 0.3 Stealth
 * Level 3.5 Unarmed Combat


You had 4 spell levels left.
You didn't know any spells.
Your spell library contained the following spells:

 Spells                   Type           Power        Failure   Level
 Confusing Touch          Hex            #.......     78%         3
 Gell's Gravitas          Tloc           #.........   78%         3
 Petrify                  Tmut/Erth      #.......     99%         4
 Metabolic Englaciation   Hex/Ice        #.........   100%        5
 Yara's Violent Unravell  Hex/Tmut       #.........   100%        5


Dungeon Overview and Level Annotations

Branches:
Dungeon (4/15)
 Temple: D:4-7

Altars:
Dithmenos

Annotations:
D:4 Dowan


Innate Abilities, Weirdness & Mutations

You are too large for most types of armour.
You have claws for hands.
Your natural rate of healing is unusually fast.
You are covered in fur. (AC +1)
You have extremely tough skin. (AC +3)


Message History

Duvessa seems to speed up.
You scratch the adder skeleton. The adder skeleton barely misses you.
You claw the adder skeleton!
You destroy the adder skeleton!
Your Unarmed Combat skill increases to level 3!
You claw Duvessa! Duvessa hits you with a +0 short sword!
Duvessa hits you with a +0 short sword.
You barely miss Duvessa. Duvessa closely misses you.
You claw Duvessa! Duvessa hits you with a +0 short sword!
Dowan mumbles some strange words.
Dowan blinks!
You scratch Duvessa. Duvessa barely misses you.
Duvessa hits you but does no damage.
You closely miss Duvessa. Duvessa hits you but does no damage.
You scratch Duvessa. Duvessa completely misses you.
Dowan casts a spell.
Dowan blinks!
Duvessa barely misses you.
You claw Duvessa! Duvessa hits you with a +0 short sword.
You scratch Duvessa but do no damage. Duvessa barely misses you.
You scratch Duvessa but do no damage. Duvessa hits you with a +0 short sword!
* * * LOW HITPOINT WARNING * * *
Dowan says, "My weaknesses are her strengths!"
Duvessa hits you with a +0 short sword.
* * * LOW HITPOINT WARNING * * *
You scratch Duvessa. Duvessa hits you but does no damage.
You claw Duvessa!
You kill Duvessa!
Dowan's eyes darken. "You have made a black mistake."
Dowan seems to find hidden reserves of power!
Dowan hits you but does no damage. x2
Things that are here:
a +0 short sword; a +0 leather armour You miss Dowan.
Dowan hits you with a +4 dagger of speed.
* * * LOW HITPOINT WARNING * * *
Dowan hits you with a +4 dagger of speed.
* * * LOW HITPOINT WARNING * * *
You closely miss Dowan. Dowan hits you but does no damage. x2
You barely miss Dowan.
Dowan hits you with a +4 dagger of speed.
* * * LOW HITPOINT WARNING * * *
Okay, then.
You scratch Dowan. Dowan closely misses you. x2
You claw Dowan! Dowan hits you but does no damage. x2
You scratch Dowan but do no damage.
Dowan hits you with a +4 dagger of speed.
* * * LOW HITPOINT WARNING * * *
Dowan points at you and mumbles some strange words.
The shard of ice hits you!
You die...

............... ....>..........
...........# ...........#
.##≈.......# #.≈≈.#....# ≈♣♣ ####
#≈.≈≈#....#### ≈≈P ##..##
##≈.#≈.e...##.. ≈≈≈
##....##≈≈≈..≈≈@#......♣ .≈≈♣
#.......#.....≈.####...♣♣♣♣♣♣≈≈♣
#.......#..≈##≈.###........♣♣≈.♣
##........≈≈###......[....♣♣≈≈♣♣
###...#...≈≈...#...........♣♣P≈≈♣
.#......#.≈...#..≈#.........♣≈.♣♣
........#.......≈≈≈..............
.................................
.#.........[.....................


You could see Dowan (fast).

Vanquished Creatures
  Duvessa (D:4)
  A scorpion (D:4)
  5 adders
  An adder skeleton (D:4)
  2 worms
  2 dart slugs
  A leopard gecko (D:1)
  An orc (D:4)
  7 bats
  6 giant cockroaches
  6 goblins
  5 hobgoblins
  2 jackals (D:2)
  4 kobolds
  A quokka (D:4)
  4 rats
49 creatures vanquished.

Notes
Turn   | Place    | Note
-------+----------+-------------------------------------------
     0 | D:1      | Apogee the Troll Hunter began the quest for the Orb.
     0 | D:1      | Reached XP level 1. HP: 19/19 MP: 0/0
   215 | D:1      | Reached XP level 2. HP: 28/28 MP: 1/1
   225 | D:1      | Reached skill level 1 in Unarmed Combat
  1176 | D:2      | Reached XP level 3. HP: 35/35 MP: 2/2
  1882 | D:3      | Reached XP level 4. HP: 42/42 MP: 3/3
  2090 | D:3      | Found a shadowy altar of Dithmenos.
  2096 | D:3      | Reached skill level 4 in Throwing
  2597 | D:4      | Reached XP level 5. HP: 49/50 MP: 4/4
  2626 | D:4      | Noticed Dowan
  2626 | D:4      | Noticed Duvessa
  2645 | D:4      | Killed Duvessa
  2652 | D:4      | Killed from afar by Dowan

Illustrated notes

Levels and vault maps discovered:
D:1:      doesnt_arrival_eight_statues, layout_basic, serial_co_window_serial,
          co_window_paths_a, co_window_cross_1, co_window_of_opportunity_a,
          co_window_paths_b, co_window_of_opportunity_a, co_window_paths_c,
          co_window_cross_2, co_window_broadway_b, glass_columns_b,
          glass_columns_b
D:2:      layout_basic, minmay_misc_feat_doors,
          hangedman_abyss_or_decor_lesser_grid, minmay_pentomino_pile
D:3:      layout_rooms, nicolae_dithmenos_shadow_blocks
D:4:      layout_cave_pools, serial_rivers, chequers_serial_rivers_small_b,
          chequers_serial_rivers_micro_b, chequers_serial_rivers_micro_c,
          chequers_serial_rivers_room_a, chequers_serial_rivers_small_b,
          chequers_serial_rivers_micro_d, serial_shops, shop,
          serial_bayou_crossing, uniq_duvessa

Skill      XL: |  1  2  3  4  5 |
---------------+----------------+-----
Unarmed Combat | 1 2 3 |  3.5
Fighting       | 2 |  2.6
Dodging        | 2 |  2.6
Throwing       | 4 |  4.3
Stealth        | |  0.3

Action                   |  1- 3 |  4- 6 || total
-------------------------+-------+-------++-------
Melee: Unarmed           |    99 |    74 ||   173
Armor: Robe              |    43 |    44 ||    87
Dodge: Dodged            |    65 |    41 ||   106

Table legend: (Time is in decaauts)
 A = Elapsed time spent in this place.
 B = Non-inter-level travel time spent in this place.
 C = Inter-level travel time spent in this place.
 D = Time resting spent in this place.
 E = Time spent auto-exploring this place.
 F = Levels seen in this place.
 G = Mean time per level.
                   A        B        C        D        E       F      G
               +--------+--------+--------+--------+--------+-----+--------+
         Total |   2643 |   2571 |     72 |      0 |   2126 |   4 |  660.8 |
       Dungeon |   2643 |   2571 |     72 |      0 |   2126 |   4 |  660.8 |
               +--------+--------+--------+--------+--------+-----+--------+

Top non-repeatable levels by time:
     D:2: 934 daAuts
     D:1: 838 daAuts
     D:3: 610 daAuts
     D:4: 260 daAuts
